 Dungeon Crawl Stone Soup version 0.28.0-53-g5a82cb258f (webtiles) character file.

Game seed: 950092320248518007

22387 Zeld the Severer (level 12, -1/119 HPs)
             Began as a Minotaur Berserker on May 23, 2022.
             Was an Elder of Trog.
             Slain by an unseen horror (3 damage)
             ... on level 11 of the Dungeon.
             The game lasted 00:16:56 (22602 turns).

Zeld the Severer (Minotaur Berserker)              Turns: 22602, Time: 00:16:57

Health: -1/119     AC: 19    Str: 26    XL:     12   Next: 62%
Magic:  0/11       EV: 10    Int:  4    God:    Trog [****..]
Gold:   310        SH:  0    Dex: 11    Spells: 11/11 levels left

rFire   . . .      SeeInvis .   a - +5 war axe (freeze)
rCold   . . .      Faith    .   (no shield)
rNeg    . . .      Spirit   +   y - +0 plate armour
rPois   .          Reflect  .   t - +2 hat
rElec   .          Harm     .   r - +0 cloak
rCorr   .          Rampage  .   l - +0 pair of gloves
Will    .....                   (no boots)
Stlth   ..........              D - amulet of guardian spirit
HPRegen 0.29/turn               (no ring)
MPRegen 0.12/turn               (no ring)

@: no status effects
A: horns 2, retaliatory headbutt
a: Renounce Religion, Berserk, Trog's Hand, Brothers in Arms


You were on level 11 of the Dungeon.
You worshipped Trog.
Trog was greatly pleased with you.
You visited 3 branches of the dungeon, and saw 16 of its levels.
You also visited: Sewer.

You collected 790 gold pieces.
You spent 480 gold pieces at shops.

Inventory:

Hand Weapons
 a - a +5 war axe of freezing (weapon)
Armour
 l - a +0 pair of gloves (worn)
 r - a +0 cloak (worn)
 t - a +2 hat (worn)
 y - a +0 plate armour (worn)
Jewellery
 v - the ring of Laoli {rN++ Will+ Int-3}
   (You found it on level 11 of the Dungeon)

   [ring of willpower]

   Int:       It affects your intelligence (-3).
   rN:        It greatly protects you from negative energy.
   Will:      It increases your willpower.
 D - an amulet of guardian spirit (around neck)
Wands
 s - a wand of charming (6)
 w - a wand of polymorph (8)
 B - a wand of flame (21)
 I - a wand of iceblast (2)
Scrolls
 c - a scroll of holy word
 f - 10 scrolls of identify
 g - a scroll of summoning
 h - 2 scrolls of magic mapping
 k - 3 scrolls of teleportation
 x - a scroll of fear
 C - a scroll of silence
 K - a scroll of noise
Potions
 b - 2 potions of mutation {unknown}
 d - 3 potions of cancellation {unknown}
 e - 3 potions of flight {unknown}
 i - 4 potions of might {unknown}
 j - 2 potions of magic {unknown}
 m - 8 potions of curing
 n - 5 potions of haste
 o - a potion of brilliance {unknown}
 p - a potion of ambrosia {unknown}
 u - 5 potions of resistance
 z - a potion of lignification {unknown}
 A - a potion of attraction {unknown}
 E - a potion of degeneration {unknown}
 F - 2 potions of berserk rage {unknown}
Miscellaneous
 H - a condenser vane (inert)


   Skills:
 * Level 15.0 Fighting
 * Level 15.0 Axes
 + Level 10.8 Armour
 + Level 9.9 Dodging


You had 11 spell levels left.
You didn't know any spells.
Your spell library was empty.

Dungeon Overview and Level Annotations

Branches:
Dungeon (12/15)            Temple (1/1) D:7            Lair (3/6) D:9
 Spider (0/4) Lair:2        Sewer (visited)
  Swamp: Lair:2-4    Shoals: Lair:2-4       Orc: D:9-12

Altars:
Ashenzari
Cheibriados
Dithmenos
Elyvilon
Fedhas
Gozag
Hepliaklqana
Kikubaaqudgha
Makhleb
Nemelex Xobeh
Okawaru
Qazlal
Ru
Sif Muna
Trog
Uskayaw
Vehumet
Wu Jian
Xom
Yredelemnul
Zin
The Shining One

Shops:
D:4 *   D:8 (   D:9 [   D:11 !

Annotations:
D:8 3 runed translucent doors, aChris07's ghost, novice HOSu


Innate Abilities, Weirdness & Mutations

You have a pair of horns on your head.
You reflexively headbutt those who attack you in melee.


Message History

There is a stone staircase leading up here.
You feel very sick.
The cyclops throws a large rock.
The large rock barely misses you.
You climb upwards.
You feel very sick.
There is a stone staircase leading down here.
Unknown command.
You start resting.
You feel sick. x3
You are no longer poisoned.
You start resting.
You feel the effects of Trog's Hand fading.
You start resting.
A skeletal warrior is nearby!
A skeletal warrior is nearby!
A skeletal warrior is nearby!
Your skin stops crawling.
You feel less strong-willed.
There is an entrance to Loadgh's Distillery here.
The skeletal warrior hits you from afar with a +0 glaive!
* * * LOW HITPOINT WARNING * * *
You see here a +0 flail.
The skeletal warrior hits you from afar with a +0 glaive!
* * * LOW HITPOINT WARNING * * *
The skeletal warrior hits you from afar with a +0 glaive.
* * * LOW HITPOINT WARNING * * *
The skeletal warrior hits you from afar with a +0 glaive.
* * * LOW HITPOINT WARNING * * *
You can't see any enemies this would affect, really read the scroll of fear? [Y]es or [N]o only, please.
You can't see any enemies this would affect, really read the scroll of fear?
As you read the scroll of fear, it crumbles to dust.
You assume a fearsome visage.
The skeletal warrior is unaffected.
You feel yourself speed up.
The skeletal warrior closely misses you.
You recover from your berserk rage.
Something hits you!
* * * LOW HITPOINT WARNING * * *
Deactivating autopickup; reactivate with Ctrl-A.
You slash something! You freeze something. You headbutt something.
Something hits you.
You die...

.......# #..##.......##.#
#..#
.......###..##.......##.#
#..#
..^.............[....##.#
#..#
........................#
#..#
........................#
#..#
####[...................#
#..# #............z.......#
#..#
#.............##.....###..#
#............@##..........#
###...........##....(.....#
####.....V..##..........# #
#### #........##......##..#
.#.#.##
###......##......##..#
#{#.#.##
#......##.)....##..#
.....#.#
#......##......##..#
.{....#
#......##......##..#
..$..##
#......##......##..#


You could see a skeletal warrior and a vampire.

Vanquished Creatures
  A boulder beetle (Lair:2)
  2 two-headed ogres (D:10)
  A centaur warrior (D:10)
  3 skeletal warriors
  An ugly thing (D:9)
  A cyclops (D:9)
  A black mamba (Lair:1)
  7 cane toads
  A gargoyle (D:11)
  A komodo dragon (Lair:2)
  3 kobold demonologists (D:12)
  A hornet (D:11)
  6 polar bears
  A troll (D:9)
  Grinder (D:5)
  3 blink frogs (Lair:2)
  A tarantella (Lair:2)
  Prince Ribbit (D:8)
  2 vampires (D:9)
  A wraith (D:12)
  2 wyverns
  A human (D:12)
  15 yaks
  2 basilisks
  A vampire mosquito (D:12)
  2 steam dragons
  2 wargs (D:9)
  5 acid dragons
  Duvessa (D:6)
  Menkaure (D:7)
  5 water moccasins
  6 orc warriors
  3 ice beasts (D:4)
  A hornet zombie (D:5)
  10 black bears
  4 centaurs
  An ogre (D:6)
  A phantom (D:6)
  5 kobold brigands
  A gnoll sergeant (D:6)
  A wyvern zombie (D:7)
  2 scorpions
  A water moccasin zombie (D:5)
  7 bullfrogs
  Dowan (D:6)
  3 killer bees (D:7)
  2 wights (D:10)
  5 howler monkeys
  2 centaur zombies
  4 orc priests
  2 hounds
  8 orc wizards
  9 adders
  11 gnolls
  2 white imps
  An adder skeleton (D:4)
  2 worms
  A dart slug (D:2)
  29 orcs
  7 bats
  11 endoplasms
  10 giant cockroaches
  7 goblins
  4 hobgoblins
  7 quokkas
  13 ball pythons
  15 frilled lizards
  11 kobolds
  6 rats
292 creatures vanquished.

Vanquished Creatures (collateral kills)
  A hydra (Lair:2)
  A cane toad (Lair:2)
  2 yaks (Lair:2)
4 creatures vanquished.

Vanquished Creatures (others)
  15 fungi
  10 plants
25 creatures vanquished.

Grand Total: 321 creatures vanquished

Notes
Turn   | Place    | Note
-------+----------+-------------------------------------------
     0 | D:1      | Zeld the Minotaur Berserker began the quest for the Orb.
     0 | D:1      | Reached XP level 1. HP: 19/19 MP: 0/0
   505 | D:1      | You fall into a shaft and drop 1 floor!
   511 | D:2      | Reached XP level 2. HP: 27/27 MP: 1/1
   830 | D:2      | Reached XP level 3. HP: 26/33 MP: 2/2
  1863 | D:2      | Found a faded altar of an unknown god.
  1892 | D:3      | Reached ** piety under Trog
  1893 | D:3      | Reached XP level 4. HP: 35/41 MP: 3/3
  2118 | D:3      | Found a glowing drain.
  2140 | Sewer    | Entered a sewer
  2650 | Sewer    | Reached skill level 5 in Axes
  2711 | Sewer    | Reached *** piety under Trog
  2790 | Sewer    | Reached XP level 5. HP: 47/47 MP: 4/4
  2800 | Sewer    | Reached skill level 5 in Fighting
  2858 | Sewer    | Identified the ring of Finality {MP+9 Str-3 Int+3 SInv
                  | Stlth-}
  3306 | D:4      | Noticed an ice beast
  3306 | D:4      | Noticed an ice beast
  3306 | D:4      | Noticed an ice beast
  3306 | D:4      | Found a transporter.
  3522 | D:4      | Reached XP level 6. HP: 20/56 MP: 5/5
  3795 | D:4      | Found Tabiy's Overcharged Wands.
  3819 | D:4      | Found a bloodstained altar of Trog.
  5099 | D:4      | Found a transporter.
  5592 | D:5      | Entered Level 5 of the Dungeon
  6073 | D:5      | Reached XP level 7. HP: 54/63 MP: 6/6
  6227 | D:5      | Identified the +0 robe of Tenacity {Dex+2}
  6589 | D:5      | Noticed Grinder
  6612 | D:5      | Killed Grinder
  7011 | D:6      | Noticed Duvessa
  7011 | D:6      | Noticed Dowan
  7020 | D:6      | Killed Duvessa
  7021 | D:6      | Reached skill level 5 in Armour
  7037 | D:6      | Killed Dowan
  7038 | D:6      | Reached XP level 8. HP: 31/73 MP: 7/7
  7232 | D:6      | Identified the amulet "Vivogel" {Faith rN+}
  7622 | D:6      | Reached skill level 5 in Dodging
  8137 | D:6      | Reached **** piety under Trog
  8282 | D:7      | Noticed Menkaure
  8290 | D:7      | Killed Menkaure
  8590 | D:7      | Found a staircase to the Ecumenical Temple.
  8595 | Temple   | Entered the Ecumenical Temple
  9423 | D:8      | Noticed Prince Ribbit
  9442 | D:8      | Killed Prince Ribbit
  9443 | D:8      | Reached XP level 9. HP: 64/83 MP: 8/8
 10368 | D:8      | Reached skill level 10 in Axes
 10467 | D:8      | Found a runed translucent gate.
 10467 | D:8      | Found a runed translucent gate.
 10467 | D:8      | Found a runed translucent gate.
 10488 | D:8      | Reached skill level 10 in Fighting
 10760 | D:8      | Noticed aChris07's ghost (novice HOSu)
 10912 | D:8      | Found a large runed translucent door.
 10919 | D:8      | Found a large runed translucent door.
 11031 | D:8      | Found a burning altar of Makhleb.
 11040 | D:8      | Found a basalt altar of Yredelemnul.
 11141 | D:8      | Found Ecirucsoo's Antique Weapon Emporium.
 12208 | D:9      | Noticed a red ugly thing
 12217 | D:9      | Reached XP level 10. HP: 83/94 MP: 9/9
 12222 | D:9      | Killed a red ugly thing
 13714 | D:9      | Found a staircase to the Lair.
 13803 | D:9      | Found a blossoming altar of Fedhas.
 13928 | D:9      | Found Fielout's Armour Shoppe.
 14179 | D:9      | Noticed a cyclops
 14186 | D:9      | Killed a cyclops
 14405 | D:10     | Entered Level 10 of the Dungeon
 14887 | D:10     | Noticed a two-headed ogre
 14889 | D:10     | Noticed a centaur warrior
 14898 | D:10     | Killed a two-headed ogre
 16112 | D:10     | Killed a centaur warrior
 16113 | D:10     | Reached XP level 11. HP: 62/104 MP: 6/10
 16300 | D:10     | Found an iron altar of Okawaru.
 16695 | D:11     | Found Loadgh's Distillery.
 16700 | D:11     | Bought a potion of curing for 36 gold pieces
 16700 | D:11     | Bought a potion of curing for 36 gold pieces
 16700 | D:11     | Bought a potion of curing for 36 gold pieces
 16700 | D:11     | Bought 2 potions of curing for 72 gold pieces
 16700 | D:11     | Bought a potion of haste for 120 gold pieces
 16700 | D:11     | Bought a potion of haste for 120 gold pieces
 16700 | D:11     | Bought a potion of heal wounds for 60 gold pieces
 17070 | D:11     | Noticed a two-headed ogre
 17071 | D:11     | Noticed a skeletal warrior
 17072 | D:11     | Noticed a skeletal warrior
 17073 | D:11     | Noticed a skeletal warrior
 17129 | D:10     | Killed a two-headed ogre
 17496 | Lair:1   | Entered Level 1 of the Lair of Beasts
 18794 | Lair:2   | Reached ***** piety under Trog
 18934 | Lair:2   | Reached XP level 12. HP: 116/116 MP: 11/11
 18943 | Lair:2   | Reached skill level 10 in Armour
 18991 | Lair:2   | Noticed a six-headed hydra
 18996 | Lair:2   | Killed a six-headed hydra
 19148 | Lair:2   | Found a transporter.
 19149 | Lair:2   | Found a transporter.
 19149 | Lair:2   | Noticed a boulder beetle
 19163 | Lair:2   | Found a hole to the Spider Nest.
 19744 | Lair:3   | Noticed a six-headed hydra
 20365 | Lair:2   | Killed a boulder beetle
 21613 | D:11     | Identified the ring of Laoli {rN++ Will+ Int-3}
 21659 | D:11     | Paralysed by a hornet for 2 turns
 22539 | D:12     | Reached skill level 15 in Fighting
 22539 | D:12     | Reached skill level 15 in Axes
 22572 | D:11     | HP: 5/119 [skeletal warrior/+0 glaive[a skeletal warrior]
                  | (13)]
 22575 | D:11     | HP: 1/119 [skeletal warrior/+0 glaive[a skeletal warrior]
                  | (3)]
 22601 | D:11     | HP: 1/119 [something (7)]
 22602 | D:11     | Slain by an unseen horror

Illustrated notes

Levels and vault maps discovered:
D:1:      dpeg_arrival_stone_temple_mockup, layout_loops_ring,
          amcnicky_mini_pool_small, minmay_misc_feat_four_crosses
D:2:      layout_loops_ring, chequers_ecumenical_altar_lobes
D:3:      layout_loops_ring, cheibrodos_sewer_entry_bend, minivault_4
D:4:      gammafunk_cloud_chamber, layout_rooms, mainiacjoe_overflow_chevrons,
          serial_glass, glass_columns_b, glass_columns_c, kennysheep_path_1,
          minmay_misc_feat_diagonals, grunt_decor_one_mirror,
          nicolae_shop_overcharged_wands
D:5:      layout_loops_ring, uniq_grinder
D:6:      layout_loops_cross, uniq_duvessa
D:7:      layout_basic, temple_doors_e, uniq_menkaure
D:8:      layout_basic, jmf_multi_god_temple2, ebering_ghost_rock_garden,
          serial_shops, nicolae_stop_n_shop_2, uniq_prince_ribbit1
D:9:      layout_layer_cave, mainiacjoe_overflow_alcove_4,
          erik_lair_orcish_takeover, serial_shops, nicolae_take_the_stairs
D:10:     layout_irregular_city, minivault_19, minmay_ruined_shrine
D:11:     layout_long_grid, serial_shops, nicolae_square_shop, hangedman_batty
D:12:     layout_cave_pools, kennysheep_orc_monster_closet_entryway,
          gammafunk_ghost_mausoleum
Temple:   compressed_dpeg_circular_temple
Lair:1:   beast_lair_carwin_large_4, layout_loops_ring, st_stairs_9
Lair:2:   gammafunk_boulding_lane, layout_regular_city, spider_nest_entry_rubble
Lair:3:   layout_small_grid, infiniplex_staircase_pool

Skill      XL: |  1  2  3  4  5  6  7  8  9 10 11 12 |
---------------+-------------------------------------+-----
Fighting       | 4 5 6 7 9 10 12 13 15 | 15.0
Axes           | 4 5 6 7 9 10 12 14 15 | 15.0
Armour         | 3 4 5 6 7 8 9 10 | 10.8
Dodging        | 3 4 5 6 8 9 |  9.9

Action                   |  1- 3 |  4- 6 |  7- 9 | 10-12 || total
-------------------------+-------+-------+-------+-------++-------
Melee: Hand axe          |    75 |   203 |   265 |       ||   543
       Headbutt          |    10 |    30 |    68 |    96 ||   204
       Punch             |       |     2 |     8 |     6 ||    16
       War axe           |       |       |    71 |   482 ||   553
Invok: Berserk           |       |       |     1 |     3 ||     4
       Trog's Hand       |       |       |       |     1 ||     1
       Brothers in Arms  |       |       |       |     1 ||     1
Evoke: Wand              |       |       |       |     7 ||     7
       Condenser vane    |       |       |       |     1 ||     1
  Use: Scroll            |       |       |       |    24 ||    24
       Potion            |       |       |       |     2 ||     2
 Stab: Sleeping          |     1 |       |       |       ||     1
       Distracted        |       |     1 |       |     1 ||     2
Armor: Animal skin       |    15 |    61 |    21 |       ||    97
       Plate armour      |       |       |   160 |   364 ||   524
Dodge: Dodged            |    53 |   165 |   119 |   234 ||   571
